[Event "FIDE Chesscom Grand Swiss 2019"]
[Site "Douglas-Isle of Man"]
[Date "2019.10.15"]
[Round "6.39"]
[White "Solomon, Kenny"]
[Black "Paehtz, Elisabeth"]
[Result "1/2-1/2"]
[ECO "C70"]
[WhiteElo "2382"]
[BlackElo "2489"]
[Annotator "ChessBase"]
[PlyCount "120"]
[EventDate "2019.10.10"]
[EventType "swiss"]
[EventCountry "GBR"]
[SourceTitle "playchess.com"]
[Source "ChessBase"]
[SourceQuality "1"]
[TimeControl "40/6000+30:20/3000+30:900+30"]

1. e4 e5 2. Nf3 Nc6 3. Bb5 a6 4. Ba4 g6 5. O-O Bg7 6. c3 b5 7. Bb3 Nge7 8. a4 b4 9. d4 exd4 10. Nxd4 O-O 11. Bg5 Nxd4 12. cxd4 h6 13. Be3 d5 14. f3 Bb7 15. e5 Nf5 16. Bf2 c5 17. Re1 Re8 18. f4 cxd4 19. Nd2 Ne3 20. Qf3 g5 21. Bxe3 dxe3 22. Qxe3 a5 23. Nf3 gxf4 24. Qxf4 Qb6+ 25. Kh1 Qg6 26. Rad1 Rac8 27. Rd2 h5 28. Rdd1 Qg4 29. Qd4 Qxd4 30. Rxd4 Rc5 31. h3 Re6 32. Rd2 f6 33. Red1 fxe5 34. Ng5 Rg6 35. Ne4 Rc7 36. Bxd5+ Bxd5 37. Rxd5 Rc4 38. Re1 Rc2 39. Rd2 Rgc6 40. b3 Rxd2 41. Nxd2 Rc3 42. Rb1 Bh6 43. Nc4 e4 44. Kg1 Be3+ 45. Kf1 Bc5 46. Rd1 Rxb3 47. Rd5 Bf8 48. Rxh5 Rc3 49. Nxa5 Ra3 50. Ke2 Rxa4 51. Rb5 Bh6 52. Rb8+ Kg7 53. Rb7+ Kf8 54. Rb8+ Kf7 55. Rb7+ Ke8 56. Nc4 Ra2+ 57. Kd1 Bf8 58. g4 Rh2 59. g5 Rxh3 60. g6 Rg3 1/2-1/2

[Event "FIDE Chesscom Grand Swiss 2019"]
[Site "Douglas-Isle of Man"]
[Date "2019.10.15"]
[Round "6.40"]
[White "Jansa, Vlastimil"]
[Black "Clarke, Brandon G I"]
[Result "0-1"]
[ECO "B51"]
[WhiteElo "2452"]
[BlackElo "2445"]
[Annotator "ChessBase"]
[PlyCount "56"]
[EventDate "2019.10.10"]
[EventType "swiss"]
[EventCountry "GBR"]
[SourceTitle "playchess.com"]
[Source "ChessBase"]
[SourceQuality "1"]
[TimeControl "40/6000+30:20/3000+30:900+30"]

1. e4 c5 2. Nf3 Nc6 3. Bb5 d6 4. O-O Bd7 5. Re1 Nf6 6. h3 a6 7. Bf1 g5 8. d4 g4 9. hxg4 cxd4 10. Nxd4 Nxg4 11. Nxc6 bxc6 12. Nd2 e5 13. Nf3 Rg8 14. Be3 Qf6 15. g3 Be7 16. Bg2 Qg6 17. Nh2 Nf6 18. Qd3 h5 19. Nf3 Ng4 20. Nh2 h4 21. Nxg4 Qxg4 22. Bd2 hxg3 23. Qxg3 Qxg3 24. fxg3 Rxg3 25. Re3 Rg6 26. Rf1 Be6 27. Rff3 d5 28. Rc3 Bb4 0-1

[Event "FIDE Chesscom Grand Swiss 2019"]
[Site "Douglas-Isle of Man"]
[Date "2019.10.15"]
[Round "6.41"]
[White "Gavrilescu, David"]
[Black "Dahl, Baard"]
[Result "1-0"]
[ECO "D02"]
[WhiteElo "2451"]
[BlackElo "2067"]
[Annotator "ChessBase"]
[PlyCount "71"]
[EventDate "2019.10.10"]
[EventType "swiss"]
[EventCountry "GBR"]
[SourceTitle "playchess.com"]
[Source "ChessBase"]
[SourceQuality "1"]
[TimeControl "40/6000+30:20/3000+30:900+30"]

1. d4 Nf6 2. Nf3 g6 3. Nbd2 d5 4. e3 Bg7 5. b4 a5 6. b5 c5 7. bxc6 Nxc6 8. Be2 O-O 9. O-O Bf5 10. c4 Nb4 11. Qb3 dxc4 12. Bxc4 Rb8 13. a3 Nc6 14. a4 Nb4 15. Bb2 Bc2 16. Qa3 Rc8 17. Rac1 Nfd5 18. Ne1 Nb6 19. Nxc2 Nxc4 20. Nxc4 Rxc4 21. Nxb4 axb4 22. Qb3 Rxc1 23. Rxc1 Qd6 24. Rc5 e5 25. Rd5 Qc6 26. dxe5 Ra8 27. a5 Bf8 28. h4 b6 29. a6 Rxa6 30. Rd8 Ra7 31. Qxb4 Qc5 32. Qf4 Qe7 33. Qf6 Qe6 34. Re8 Re7 35. Rxf8+ Kxf8 36. Qh8# 1-0

[Event "FIDE Chesscom Grand Swiss 2019"]
[Site "Douglas-Isle of Man"]
[Date "2019.10.15"]
[Round "6.42"]
[White "Kolbus, Dietmar"]
[Black "Wu, Li"]
[Result "1-0"]
[ECO "E62"]
[WhiteElo "2300"]
[BlackElo "2332"]
[Annotator "NA"]
[PlyCount "69"]
[EventDate "2019.10.10"]
[EventType "swiss"]
[EventCountry "GBR"]
[SourceTitle "playchess.com"]
[Source "ChessBase"]
[SourceQuality "1"]
[TimeControl "40/6000+30:20/3000+30:900+30"]

1. c4 g6 2. Nc3 Bg7 3. g3 Nf6 4. Bg2 O-O 5. d4 d6 6. Nf3 Nc6 7. O-O Bf5 8. Nh4 Bd7 9. b3 Qc8 10. d5 Nb4 11. Bd2 a5 12. Re1 e5 13. Rb1 Na6 14. Rc1 Nc5 15. Qc2 h6 16. e4 Nh7 17. Be3 b6 18. Rcd1 h5 19. Rb1 Bf6 20. Nf3 h4 21. Nxh4 Bxh4 22. gxh4 f5 23. f4 exf4 24. Bxf4 fxe4 25. Bh6 Rf7 26. Nxe4 Bf5 27. Qc3 Nxe4 28. Bxe4 Nf6 29. Bxf5 Qxf5 30. Rf1 Ne4 31. Rxf5 Nxc3 32. Rxf7 Kxf7 33. Rf1+ Kg8 34. Re1 Kf7 35. Bd2 1-0

[Event "FIDE Chesscom Grand Swiss 2019"]
[Site "Douglas-Isle of Man"]
[Date "2019.10.15"]
[Round "6.43"]
[White "Nebolsina, Vera"]
[Black "Allen, Keith"]
[Result "0-1"]
[ECO "B10"]
[WhiteElo "2252"]
[BlackElo "2161"]
[Annotator "NA"]
[PlyCount "100"]
[EventDate "2019.10.10"]
[EventType "swiss"]
[EventCountry "GBR"]
[SourceTitle "playchess.com"]
[Source "ChessBase"]
[SourceQuality "1"]
[TimeControl "40/6000+30:20/3000+30:900+30"]

1. e4 c6 2. Nf3 d5 3. exd5 cxd5 4. Ne5 Nc6 5. Bb5 Bd7 6. Nxd7 Qxd7 7. d4 e6 8. c3 Nf6 9. O-O h6 10. Be3 a6 11. Bd3 Bd6 12. f4 h5 13. Nd2 Qc7 14. Qe2 O-O 15. h3 Rfe8 16. Rae1 b5 17. Nf3 Ne4 18. Bxe4 dxe4 19. Ng5 g6 20. Nxe4 Be7 21. Qf2 Rad8 22. Nd2 b4 23. Nf3 bxc3 24. bxc3 Na5 25. Bd2 Nc4 26. Rb1 Rb8 27. Ne5 Rec8 28. Rxb8 Rxb8 29. Bc1 Kg7 30. Qf3 Rb6 31. Qd3 Nd6 32. Ba3 h4 33. Bxd6 Bxd6 34. c4 Rb2 35. Rf2 Qb7 36. Qc3 Rb1+ 37. Kh2 f6 38. c5 Bc7 39. Ng4 Qe4 40. Qe3 Qxe3 41. Nxe3 g5 42. Nf1 Bxf4+ 43. g3 hxg3+ 44. Nxg3 Rd1 45. Kg2 Bxg3 46. Kxg3 Rxd4 47. Rc2 Rd7 48. Kf3 f5 49. Ke3 e5 50. Rb2 Rc7 0-1